[Event "45th FIDE Womens Olympiad 2024"]
[Site "Budapest"]
[Date "2024.09.16"]
[Round "6.234"]
[White "Zenobia, Wasif"]
[Black "Cruz, Bitia"]
[Result "1-0"]
[ECO "B20"]
[WhiteElo "1743"]
[BlackElo "1736"]
[PlyCount "71"]
[EventDate "2024.09.05"]
[EventType "team-tourn"]
[EventCountry "HUN"]
[WhiteTeam "Pakistan"]
[BlackTeam "Honduras"]
[WhiteTeamCountry "PAK"]
[BlackTeamCountry "HON"]
[TimeControl "40/5400+30:1800+30"]

1. e4 c5 2. c4 d6 3. d3 Nc6 4. h3 h6 5. Nf3 Nf6 6. Nc3 e5 7. Be2 Be7 8. O-O Be6 9. Nd5 Nd7 10. Nxe7 Qxe7 11. Nh2 O-O 12. f4 f5 13. Qe1 Nd4 14. Bd1 fxe4 15. Qxe4 Nf6 16. Qe1 e4 17. Be3 Nc6 18. Bc2 Nb4 19. Qd2 Bf5 20. dxe4 Nxc2 21. Qxc2 Nxe4 22. Rfe1 Qf7 23. g4 Bh7 24. f5 Nf6 25. Rad1 Ne8 26. b3 Qf6 27. Nf3 h5 28. Bg5 Qf7 29. Re7 Qxe7 30. Bxe7 Rf7 31. Re1 hxg4 32. hxg4 Nf6 33. Ng5 Nxg4 34. Nxf7 Kxf7 35. Qe4 Ne5 36. Bxd6 1-0

[Event "45th FIDE Womens Olympiad 2024"]
[Site "Budapest"]
[Date "2024.09.16"]
[Round "6.235"]
[White "Oseguera, Suhey"]
[Black "Mehak, Gul"]
[Result "0-1"]
[ECO "B17"]
[WhiteElo "1590"]
[BlackElo "1710"]
[PlyCount "124"]
[EventDate "2024.09.05"]
[EventType "team-tourn"]
[EventCountry "HUN"]
[WhiteTeam "Honduras"]
[BlackTeam "Pakistan"]
[WhiteTeamCountry "HON"]
[BlackTeamCountry "PAK"]
[TimeControl "40/5400+30:1800+30"]

1. e4 c6 2. d4 d5 3. Nc3 dxe4 4. Nxe4 Nd7 5. Nf3 Ngf6 6. Bd3 Nxe4 7. Bxe4 Nf6 8. Qd3 Nxe4 9. Qxe4 Qd5 10. Qf4 Bf5 11. c4 Qe4+ 12. Be3 Qxf4 13. Bxf4 e6 14. a4 Bb4+ 15. Ke2 Bg4 16. h3 Bxf3+ 17. Kxf3 Rd8 18. Rhd1 O-O 19. g4 h6 20. h4 Rd7 21. Rd3 f6 22. Kg2 e5 23. Be3 Rfd8 24. Rad1 e4 25. Rb3 a5 26. f3 exf3+ 27. Kxf3 Kf7 28. Rbd3 Ke6 29. Ke4 Re8 30. d5+ Kf7+ 31. Kf3 cxd5 32. cxd5 Rc8 33. Bd2 Bxd2 34. R1xd2 Rc5 35. Ke4 b5 36. Rc3 Rdc7 37. d6 Re5+ 38. Kf3 Rd7 39. Rc7 Ke6 40. Rxd7 Kxd7 41. axb5 Rxb5 42. Ke4 Re5+ 43. Kf3 h5 44. Rd4 Rb5 45. Rd2 Rb3+ 46. Kf4 Rb4+ 47. Kf5 Rxg4 48. Rd5 a4 49. Rd2 Rxh4 50. Kg6 Rg4+ 51. Kxh5 Rg5+ 52. Kh4 g6 53. Rf2 Rf5 54. Rg2 Rh5+ 55. Kg3 Rg5+ 56. Kf3 Rxg2 57. Kxg2 Kxd6 58. Kf3 Ke5 59. Kg4 Ke4 60. Kh4 Ke3 61. Kg4 f5+ 62. Kg3 f4+ {0-} 0-1

[Event "45th FIDE Womens Olympiad 2024"]
[Site "Budapest"]
[Date "2024.09.16"]
[Round "6.236"]
[White "Aayat, Asmi"]
[Black "Maradiaga, Cesia"]
[Result "0-1"]
[ECO "C65"]
[WhiteElo "1423"]
[BlackElo "1675"]
[PlyCount "120"]
[EventDate "2024.09.05"]
[EventType "team-tourn"]
[EventCountry "HUN"]
[WhiteTeam "Pakistan"]
[BlackTeam "Honduras"]
[WhiteTeamCountry "PAK"]
[BlackTeamCountry "HON"]
[TimeControl "40/5400+30:1800+30"]

1. e4 e5 2. Nf3 Nc6 3. Bb5 Nf6 4. d3 Ne7 5. Nxe5 c6 6. Ba4 Qa5+ 7. Nc3 Qxe5 8. O-O Ng6 9. Be3 Be7 10. f4 Qc7 11. f5 Ne5 12. d4 Nc4 13. Bf4 d6 14. Bb3 b5 15. Qc1 O-O 16. Bxc4 bxc4 17. Qe3 Qb7 18. b3 cxb3 19. axb3 Re8 20. Qg3 Nh5 21. Qf3 Nxf4 22. Qxf4 Bf8 23. Rf3 Qb4 24. Ra4 Qb7 25. Rg3 Qd7 26. Rg4 d5 27. e5 Qxf5 28. Qxf5 Bxf5 29. Rg3 Bxc2 30. Ra6 Bxb3 31. Rxc6 Rec8 32. Rxc8 Rxc8 33. Nb5 Bc4 34. Nxa7 Rc7 35. Rc3 Rxa7 36. Kf2 Ra1 37. h3 Bb4 38. Re3 h5 39. Kg3 Be1+ 40. Kf3 Bd2 41. Re2 Bxe2+ 42. Kxe2 Bb4 43. Kf3 g5 44. g4 h4 45. Ke3 Rd1 46. Kf3 Rxd4 47. Ke3 Re4+ 48. Kd3 Rxe5 49. Kd4 f6 50. Kd3 Kf7 51. Kd4 Ke6 52. Kd3 Re4 53. Kc2 Re3 54. Kd1 Rxh3 55. Ke2 d4 56. Kf2 d3 57. Kg2 d2 58. Kxh3 d1=Q 59. Kg2 Qe2+ 60. Kh1 Qf1+ {0-} 0-1

[Event "45th FIDE Womens Olympiad 2024"]
[Site "Budapest"]
[Date "2024.09.16"]
[Round "6.237"]
[White "Sagastegui, Thamara"]
[Black "Ravelomanana, Sabine"]
[Result "1/2-1/2"]
[ECO "C45"]
[WhiteElo "1544"]
[BlackElo "1926"]
[PlyCount "209"]
[EventDate "2024.09.05"]
[EventType "team-tourn"]
[EventCountry "HUN"]
[WhiteTeam "Aruba"]
[BlackTeam "Madagascar"]
[WhiteTeamCountry "ARN"]
[BlackTeamCountry "MAD"]
[TimeControl "40/5400+30:1800+30"]

1. e4 e5 2. Nf3 Nc6 3. d4 exd4 4. Nxd4 Bb4+ 5. Nc3 Qe7 6. Ndb5 d6 7. Be2 Nf6 8. O-O a6 9. Nd5 Nxd5 10. exd5 Ne5 11. Nd4 O-O 12. c3 Bc5 13. Be3 f5 14. Nc2 Bxe3 15. fxe3 Bd7 16. b3 Rf6 17. g3 Raf8 18. Qd2 Nf7 19. Bf3 Ng5 20. Bg2 Qe8 21. Nd4 b6 22. c4 Rh6 23. Qe2 Rff6 24. Rae1 Nf7 25. Nf3 g5 26. Nd4 Ne5 27. Nf3 Nf7 28. Nd4 g4 29. e4 Ne5 30. exf5 Qh5 31. Bh1 Bxf5 32. Nxf5 Rxf5 33. Rxf5 Qxf5 34. Rf1 Qh5 35. Rf2 Qg5 36. Qf1 Qe3 37. Qe2 Qd4 38. Qd2 Qxd2 39. Rxd2 Kg7 40. Be4 Rf6 41. Rf2 h6 42. Rxf6 Kxf6 43. Kg2 Nf7 44. Kf2 Ke5 45. Ke3 a5 46. a4 Ng5 47. Bg2 Nh7 48. Be4 Nf6 49. Bd3 Nd7 50. Be2 Kf5 51. Bd3+ Kg5 52. Bc2 Nc5 53. Bd1 h5 54. Bc2 Nd7 55. Bd1 Ne5 56. Be2 h4 57. Bd1 h3 58. Be2 Nd7 59. Bd3 Nf6 60. Bc2 Nh5 61. Be4 Kf6 62. Bh1 Ke5 63. Be4 Ng7 64. Bd3 Ne8 65. Bc2 Nf6 66. Bd3 Nd7 67. Bb1 Nc5 68. Bc2 Na6 69. Bd1 Kf5 70. Bc2+ Kg5 71. Bd1 Nb4 72. Kd2 c6 73. dxc6 Nxc6 74. Ke3 Nb4 75. Ke4 Na2 76. Ke3 Kf5 77. Bc2+ Ke5 78. Bd1 Kf5 79. Bc2+ Kg5 80. Bb1 Nb4 81. Be4 Na6 82. Kd4 Nc7 83. Ke3 Ne8 84. Kd4 Nf6 85. Bd3 Nd7 86. Ke3 Ne5 87. Be2 Kf5 88. Bd1 Nd7 89. Bc2+ Ke5 90. Bd1 Nf6 91. Bc2 d5 92. cxd5 Nxd5+ 93. Ke2 Kd4 94. Bf5 Nf6 95. Kd2 Ke5 96. Bd3 Nh5 97. Ke3 Ng7 98. Be4 Ne6 99. Bc2 Nd4 100. Bd1 Nf5+ 101. Kf2 Nh6 102. Ke3 Nf5+ 103. Kf2 Nd4 104. Ke3 Nf5+ 105. Kf2 1/2-1/2

[Event "45th FIDE Womens Olympiad 2024"]
[Site "Budapest"]
[Date "2024.09.16"]
[Round "6.238"]
[White "Raharimanana, Faratiana"]
[Black "Jacobs, Annelaine"]
[Result "1-0"]
[ECO "E91"]
[WhiteElo "1815"]
[BlackElo "1763"]
[PlyCount "113"]
[EventDate "2024.09.05"]
[EventType "team-tourn"]
[EventCountry "HUN"]
[WhiteTeam "Madagascar"]
[BlackTeam "Aruba"]
[WhiteTeamCountry "MAD"]
[BlackTeamCountry "ARN"]
[TimeControl "40/5400+30:1800+30"]

1. d4 Nf6 2. Nf3 g6 3. c4 Bg7 4. Nc3 O-O 5. e4 d6 6. Be2 c6 7. h3 e5 8. O-O Qc7 9. Be3 Nbd7 10. Qd2 Re8 11. dxe5 dxe5 12. Rfd1 Bf8 13. Rab1 a5 14. a3 Nc5 15. Qc2 a4 16. Bxc5 Bxc5 17. Nxa4 Nxe4 18. Nxc5 Nxc5 19. Qc3 Bf5 20. Rbc1 Na4 21. Qb3 Qe7 22. Rd2 Nc5 23. Qe3 f6 24. g4 Bd7 25. Rcd1 Rad8 26. b4 Ne6 27. c5 Nf4 28. Bf1 Be6 29. Rxd8 Rxd8 30. Rxd8+ Qxd8 31. Qd2 Qxd2 32. Nxd2 Bd5 33. Kh2 Kf8 34. Kg3 Ke7 35. f3 Kd7 36. Kf2 Kc7 37. Ke3 Kd7 38. h4 Ke7 39. Nb1 h6 40. Nc3 g5 41. hxg5 hxg5 42. a4 Kd7 43. Kf2 Kc8 44. Ke3 Kd7 45. Bd3 Be6 46. Be4 Bd5 47. Bf5+ Be6 48. Be4 Bd5 49. b5 Kc8 50. Bf5+ Kd8 51. b6 Bc4 52. a5 Nd5+ 53. Kd2 Nxc3 54. Kxc3 Bb5 55. Bd3 Ba6 56. Bxa6 bxa6 57. Kd3 1-0

[Event "45th FIDE Womens Olympiad 2024"]
[Site "Budapest"]
[Date "2024.09.16"]
[Round "6.239"]
[White "Moreno Mora, Milaydes Lourdes"]
[Black "Randriatsiferana, Dimbiharentsoa Chris"]
[Result "1/2-1/2"]
[ECO "B70"]
[WhiteElo "1694"]
[BlackElo "1736"]
[PlyCount "126"]
[EventDate "2024.09.05"]
[EventType "team-tourn"]
[EventCountry "HUN"]
[WhiteTeam "Aruba"]
[BlackTeam "Madagascar"]
[WhiteTeamCountry "ARN"]
[BlackTeamCountry "MAD"]
[TimeControl "40/5400+30:1800+30"]

1. e4 c5 2. Nf3 d6 3. Bb5+ Bd7 4. Bxd7+ Qxd7 5. d4 cxd4 6. Nxd4 Nf6 7. Nc3 Nc6 8. h3 g6 9. Be3 Bg7 10. O-O O-O 11. f4 Nxd4 12. Bxd4 Qc6 13. Bxf6 Bxf6 14. Nd5 Kg7 15. Nxf6 exf6 16. Qd3 Rfe8 17. Rfe1 Rac8 18. c3 Qb6+ 19. Kh1 Qxb2 20. Rab1 Qxc3 21. Qxd6 Rcd8 22. Qb4 Qxb4 23. Rxb4 b6 24. Re2 Re7 25. Kg1 Rd3 26. a4 Ra3 27. Kf2 g5 28. fxg5 fxg5 29. e5 h5 30. Rbe4 Re6 31. Rd2 Kg6 32. Rd7 f5 33. Rb4 Rxe5 34. Rxa7 Ra2+ 35. Kf1 f4 36. Rxb6+ Kf5 37. Rf7+ Ke4 38. Rb4+ Ke3 39. Rb3+ Kd2 40. Rd7+ Kc2 41. Rdd3 Rc5 42. g3 Rxa4 43. gxf4 Rxf4+ 44. Kg2 Rcc4 45. Ra3 Rfe4 46. Rf3 Re1 47. Ra2+ Kb1 48. Raf2 Re5 49. Rb3+ Kc1 50. Ra3 Rc2 51. Rxc2+ Kxc2 52. Kg3 Kd2 53. Kg2 h4 54. Kf3 Re1 55. Ra5 Rg1 56. Ra2+ Kd3 57. Ra3+ Kc4 58. Ra4+ Kd3 59. Rg4 Rf1+ 60. Kg2 Rf5 61. Ra4 Rb5 62. Kf3 Rf5+ 63. Kg4 Rb5 1/2-1/2

[Event "45th FIDE Womens Olympiad 2024"]
[Site "Budapest"]
[Date "2024.09.16"]
[Round "6.240"]
[White "Tsinjoviniavo, Aina Mahasambatra"]
[Black "Cabral, Sylvi"]
[Result "1-0"]
[ECO "B27"]
[WhiteElo "1662"]
[BlackElo "1471"]
[PlyCount "115"]
[EventDate "2024.09.05"]
[EventType "team-tourn"]
[EventCountry "HUN"]
[WhiteTeam "Madagascar"]
[BlackTeam "Aruba"]
[WhiteTeamCountry "MAD"]
[BlackTeamCountry "ARN"]
[TimeControl "40/5400+30:1800+30"]

1. e4 c5 2. Nf3 g6 3. c3 Bg7 4. d4 cxd4 5. cxd4 d5 6. e5 Nc6 7. Nc3 e6 8. Bd3 Nge7 9. Nb5 O-O 10. Nd6 a6 11. O-O f6 12. Nxc8 Rxc8 13. exf6 Bxf6 14. Bh6 Bg7 15. Bxg7 Kxg7 16. Ng5 Qd6 17. Qg4 Nf5 18. Bxf5 Rxf5 19. Rfe1 Re8 20. h4 h6 21. Nf3 Qf4 22. Qxf4 Rxf4 23. Rad1 Kf6 24. Re3 g5 25. hxg5+ hxg5 26. g3 Rf5 27. Kg2 Rf8 28. Rb3 Kg6 29. Re1 Nd8 30. Ne5+ Kg7 31. f3 b5 32. Ra3 Nf7 33. Nxf7 R8xf7 34. Rxe6 a5 35. Rxa5 Rxf3 36. Rxb5 g4 37. Re2 Rd7 38. a4 Rd3 39. Rb4 Ra7 40. b3 Rc7 41. a5 Ra7 42. Rb5 Rxd4 43. b4 Kf7 44. Rb6 Rc4 45. a6 Rcc7 46. b5 Rc5 47. Rb2 Ke8 48. Rb7 Ra8 49. a7 Rcc8 50. b6 d4 51. Rd2 d3 52. Rxd3 Rc2+ 53. Kf1 Rc1+ 54. Ke2 Rcc8 55. Rh7 Kf8 56. Rh8+ Kf7 57. Rxc8 Rxc8 58. b7 1-0

[Event "45th FIDE Womens Olympiad 2024"]
[Site "Budapest"]
[Date "2024.09.16"]
[Round "6.241"]
[White "Jop A., Laura Elizabeth"]
[Black "Pg Hj Janudin, Dk Siti Haziqah"]
[Result "1-0"]
[ECO "E97"]
[WhiteElo "1686"]
[BlackElo "1711"]
[PlyCount "69"]
[EventDate "2024.09.05"]
[EventType "team-tourn"]
[EventCountry "HUN"]
[WhiteTeam "Guatemala"]
[BlackTeam "Brunei Darussalam"]
[WhiteTeamCountry "GUA"]
[TimeControl "40/5400+30:1800+30"]

1. c4 Nf6 2. d4 g6 3. Nc3 d6 4. e4 Bg7 5. Nf3 O-O 6. Be2 Nbd7 7. O-O e5 8. dxe5 Nxe5 9. Nxe5 dxe5 10. Qxd8 Rxd8 11. Bg5 h6 12. Bxf6 Bxf6 13. Nd5 Bg7 14. Nxc7 Rb8 15. Rad1 Rd4 16. Rxd4 exd4 17. f4 a6 18. Rd1 Bd7 19. e5 g5 20. g3 Bf8 21. Kg2 Bc6+ 22. Nd5 Bxd5+ 23. cxd5 Bc5 24. Kf3 a5 25. Ke4 Kf8 26. d6 Ke8 27. Kd5 Bb6 28. Rc1 Kd7 29. Bb5+ Kd8 30. f5 Rc8 31. Rxc8+ Kxc8 32. e6 fxe6+ 33. fxe6 d3 34. Bxd3 Kd8 35. e7+ 1-0

[Event "45th FIDE Womens Olympiad 2024"]
[Site "Budapest"]
[Date "2024.09.16"]
[Round "6.242"]
[White "Saiful Azmi, Nur Farzana"]
[Black "Lopez L., Dairyn D."]
[Result "0-1"]
[ECO "A48"]
[WhiteElo "1533"]
[BlackElo "1740"]
[PlyCount "60"]
[EventDate "2024.09.05"]
[EventType "team-tourn"]
[EventCountry "HUN"]
[WhiteTeam "Brunei Darussalam"]
[BlackTeam "Guatemala"]
[BlackTeamCountry "GUA"]
[TimeControl "40/5400+30:1800+30"]

1. d4 d6 2. Nf3 g6 3. Bf4 Bg7 4. e3 Nf6 5. Nbd2 Nbd7 6. Bd3 O-O 7. O-O Re8 8. Bg3 e5 9. Ng5 h6 10. Nh3 e4 11. Be2 Nf8 12. c4 Bxh3 13. gxh3 h5 14. Qb3 Qc8 15. Kg2 N8h7 16. h4 Kh8 17. f3 exf3+ 18. Bxf3 Rb8 19. Rac1 Bh6 20. Rfe1 g5 21. hxg5 Nxg5 22. Kh1 Nxf3 23. Nxf3 Qg4 24. Ng1 Qe4+ 25. Nf3 Qxf3+ 26. Kg1 Rxe3 27. Rc3 Rbe8 28. Rf1 Rxc3 29. bxc3 Be3+ 30. Bf2 Rg8# {0-} 0-1

[Event "45th FIDE Womens Olympiad 2024"]
[Site "Budapest"]
[Date "2024.09.16"]
[Round "6.243"]
[White "Santiago Sontay, Jenny Fernanda"]
[Black "Redzuan, Nur Ainul Mardhiah"]
[Result "1-0"]
[ECO "A45"]
[WhiteElo "1773"]
[BlackElo "1481"]
[PlyCount "107"]
[EventDate "2024.09.05"]
[EventType "team-tourn"]
[EventCountry "HUN"]
[WhiteTeam "Guatemala"]
[BlackTeam "Brunei Darussalam"]
[WhiteTeamCountry "GUA"]
[TimeControl "40/5400+30:1800+30"]

1. d4 Nf6 2. e3 g6 3. Bd3 d6 4. f4 c5 5. c3 cxd4 6. exd4 Bg7 7. Nf3 O-O 8. O-O Nc6 9. Qc2 e5 10. fxe5 dxe5 11. Nxe5 Nxe5 12. dxe5 Ng4 13. Na3 Nxe5 14. Be4 Qb6+ 15. Qf2 Qxf2+ 16. Rxf2 f5 17. Bc2 Be6 18. Bf4 Rfe8 19. Re2 Bf7 20. Rae1 Nc6 21. Rxe8+ Rxe8 22. Rxe8+ Bxe8 23. Bb3+ Bf7 24. Bxf7+ Kxf7 25. Nb5 Ke6 26. Kf2 a6 27. Nc7+ Kd7 28. Nd5 Ke6 29. Nb6 Be5 30. g3 Bxf4 31. gxf4 h6 32. h4 Nd8 33. c4 Nf7 34. Nd5 g5 35. hxg5 hxg5 36. fxg5 Nxg5 37. Ke3 Ke5 38. Nf4 Ne6 39. Nd3+ Kf6 40. b4 Kg5 41. a4 f4+ 42. Ke4 Kg4 43. Ke5 Ng5 44. Nxf4 Nf3+ 45. Ke4 Nd2+ 46. Kd3 Nxc4 47. Kxc4 Kxf4 48. Kc5 Ke5 49. Kb6 Kd5 50. Kxb7 Kc4 51. Kxa6 Kxb4 52. a5 Kc5 53. Kb7 Kb5 54. a6 1-0

[Event "45th FIDE Womens Olympiad 2024"]
[Site "Budapest"]
[Date "2024.09.16"]
[Round "6.244"]
[White "Zakaria, Liyana"]
[Black "Mazariegos, Silvia Carolina"]
[Result "0-1"]
[ECO "A80"]
[WhiteElo "1520"]
[BlackElo "1878"]
[PlyCount "92"]
[EventDate "2024.09.05"]
[EventType "team-tourn"]
[EventCountry "HUN"]
[WhiteTeam "Brunei Darussalam"]
[BlackTeam "Guatemala"]
[BlackTeamCountry "GUA"]
[TimeControl "40/5400+30:1800+30"]

1. d4 f5 2. Bf4 g6 3. e3 Bg7 4. Nf3 Nh6 5. Nbd2 O-O 6. Be5 Nf7 7. Bxg7 Kxg7 8. Bd3 d6 9. Bc4 e6 10. Qe2 Nc6 11. O-O-O Qe7 12. h3 a6 13. g4 b5 14. Bd3 Nb4 15. Kb1 Bb7 16. a3 Nxd3 17. Qxd3 fxg4 18. hxg4 Ng5 19. e4 Nxf3 20. Nxf3 Rf4 21. d5 e5 22. Qc3 Raf8 23. Rh3 R8f7 24. Rdh1 Kg8 25. Qe3 Bc8 26. Rg3 Bxg4 27. Nh4 Bd7 28. Nxg6 hxg6 29. Rxg6+ Rg7 30. Qg3 Rg4 31. Rxg7+ Qxg7 32. Qe3 Rg1+ 33. Rxg1 Qxg1+ 34. Ka2 Qg7 35. Qg3 Qxg3 36. fxg3 Bg4 37. Kb3 Bf3 38. c4 Bxe4 39. a4 bxc4+ 40. Kxc4 c6 41. dxc6 Bxc6 42. b3 Kf7 43. a5 Ke6 44. b4 Bb5+ 45. Kc3 Kf5 46. Kd2 Kg4 {0-} 0-1

[Event "45th FIDE Womens Olympiad 2024"]
[Site "Budapest"]
[Date "2024.09.16"]
[Round "6.245"]
[White "Jambo, Linda"]
[Black "Miladi, Amen"]
[Result "1/2-1/2"]
[ECO "B42"]
[WhiteElo "1629"]
[BlackElo "1851"]
[PlyCount "65"]
[EventDate "2024.09.05"]
[EventType "team-tourn"]
[EventCountry "HUN"]
[WhiteTeam "Malawi"]
[BlackTeam "Tunisia"]
[WhiteTeamCountry "MWI"]
[BlackTeamCountry "TUN"]
[TimeControl "40/5400+30:1800+30"]

1. e4 c5 2. Nf3 e6 3. d4 cxd4 4. Nxd4 a6 5. Bd3 Nf6 6. O-O Qc7 7. Bg5 h6 8. Bxf6 gxf6 9. Nd2 Nc6 10. N4f3 Bc5 11. c3 Ne5 12. Nxe5 Qxe5 13. Qf3 Qg5 14. Rad1 Rg8 15. Rfe1 e5 16. Bf1 d6 17. h3 b5 18. Nb3 Be6 19. Nxc5 dxc5 20. a3 Ke7 21. Qe3 Qxe3 22. Rxe3 Rad8 23. Rxd8 Rxd8 24. Rd3 f5 25. Rxd8 Kxd8 26. Bd3 f4 27. f3 Ke7 28. Kf2 Kf6 29. h4 Kg6 30. g3 Kh5 31. Bc2 Bc4 32. b3 Be6 33. Kg2 1/2-1/2

[Event "45th FIDE Womens Olympiad 2024"]
[Site "Budapest"]
[Date "2024.09.16"]
[Round "6.246"]
[White "Ben Amor, Meriem"]
[Black "Namangale, Susan"]
[Result "1-0"]
[ECO "B07"]
[WhiteElo "1733"]
[BlackElo "1521"]
[PlyCount "81"]
[EventDate "2024.09.05"]
[EventType "team-tourn"]
[EventCountry "HUN"]
[WhiteTeam "Tunisia"]
[BlackTeam "Malawi"]
[WhiteTeamCountry "TUN"]
[BlackTeamCountry "MWI"]
[TimeControl "40/5400+30:1800+30"]

1. e4 d6 2. d4 Nf6 3. Nc3 g6 4. f3 Bg7 5. Be3 a6 6. Nge2 O-O 7. Qd2 b5 8. a3 Nc6 9. h4 e5 10. d5 Na5 11. b3 Bd7 12. g4 h5 13. Ng3 hxg4 14. h5 Nh7 15. O-O-O gxf3 16. hxg6 fxg6 17. Bh3 Rf7 18. Bxd7 Qxd7 19. Rdg1 Bf6 20. Nf5 g5 21. Nh6+ Kf8 22. Nxf7 Qxf7 23. Qh2 b4 24. axb4 Nb7 25. Qxh7 Nd8 26. Qxf7+ Nxf7 27. Rg3 Rb8 28. Rxf3 Ke7 29. Rh7 Rg8 30. Ne2 g4 31. Rf1 g3 32. Rg1 g2 33. Rh2 Rg4 34. Nc3 Rg3 35. Bd2 Rg8 36. Rgxg2 Rb8 37. Ne2 Rc8 38. Ng3 c6 39. Nf5+ Kd7 40. Rh7 Ke8 41. Rg8+ 1-0

[Event "45th FIDE Womens Olympiad 2024"]
[Site "Budapest"]
[Date "2024.09.16"]
[Round "6.247"]
[White "Msukwa, Tupokiwe"]
[Black "Gamha, Yasmine"]
[Result "1/2-1/2"]
[ECO "E32"]
[WhiteElo "1674"]
[BlackElo "1679"]
[PlyCount "105"]
[EventDate "2024.09.05"]
[EventType "team-tourn"]
[EventCountry "HUN"]
[WhiteTeam "Malawi"]
[BlackTeam "Tunisia"]
[WhiteTeamCountry "MWI"]
[BlackTeamCountry "TUN"]
[TimeControl "40/5400+30:1800+30"]

1. d4 Nf6 2. c4 e6 3. Nc3 Bb4 4. Qc2 O-O 5. Bg5 d5 6. Nf3 b6 7. e3 Bb7 8. Bd3 h6 9. Bh4 dxc4 10. Bxc4 Nbd7 11. Be2 Rc8 12. Ne5 Be7 13. Bf3 Bxf3 14. Nxf3 c5 15. Qa4 cxd4 16. exd4 Nd5 17. Bxe7 Qxe7 18. O-O Nxc3 19. bxc3 Rxc3 20. Qxa7 Rfc8 21. Rfe1 Qd6 22. Rad1 Ra3 23. Qb7 Rc7 24. Qe4 Rxa2 25. d5 Qc5 26. Rf1 Nf6 27. Qb1 Qc2 28. dxe6 fxe6 29. Qxb6 Rc6 30. Qd8+ Kh7 31. Nd4 Rc8 32. Nxc2 Rxd8 33. Rxd8 Rxc2 34. f3 Re2 35. Rdd1 Kg6 36. Rde1 Rxe1 37. Rxe1 Kf7 38. Kf2 Nd5 39. Re4 Kf6 40. Ke1 g5 41. g3 Nc3 42. Rc4 Nd5 43. Kd2 Nb6 44. Rc6 Nd5 45. Rc5 Nb6 46. f4 gxf4 47. gxf4 Nd5 48. Rc4 Kf5 49. Rc1 Nxf4 50. Rf1 h5 51. Ke3 e5 52. Rf3 h4 53. Rf1 1/2-1/2

[Event "45th FIDE Womens Olympiad 2024"]
[Site "Budapest"]
[Date "2024.09.16"]
[Round "6.248"]
[White "Hasnaoui, Abrar"]
[Black "Simwaba, Anne"]
[Result "1-0"]
[ECO "B01"]
[WhiteElo "1595"]
[BlackElo "1596"]
[PlyCount "135"]
[EventDate "2024.09.05"]
[EventType "team-tourn"]
[EventCountry "HUN"]
[WhiteTeam "Tunisia"]
[BlackTeam "Malawi"]
[WhiteTeamCountry "TUN"]
[BlackTeamCountry "MWI"]
[TimeControl "40/5400+30:1800+30"]

1. e4 d5 2. exd5 Qxd5 3. Nf3 Qd8 4. Nc3 e6 5. g3 Nf6 6. Bg2 Be7 7. O-O O-O 8. d3 Nbd7 9. Bf4 c6 10. a3 Nb6 11. Ne4 Nbd5 12. Be5 b5 13. c4 bxc4 14. dxc4 Nxe4 15. cxd5 cxd5 16. Rc1 Ba6 17. Re1 Nc5 18. Re3 Rc8 19. Rec3 Ne4 20. Rxc8 Bxc8 21. Qd4 f6 22. Bc7 Qd7 23. Qxa7 Qb5 24. Qb6 Qxb6 25. Bxb6 Ba6 26. b4 e5 27. Bh3 Bb5 28. Be6+ Kh8 29. Bxd5 Nd6 30. Bc5 Rc8 31. Be6 Rc7 32. Be3 Rxc1+ 33. Bxc1 g5 34. Bb3 Bc6 35. Nd2 Nf5 36. Bc2 Nd4 37. Bd3 Kg7 38. Bb2 h5 39. Bxd4 exd4 40. Nb3 Bd7 41. Nxd4 Kf7 42. Bc4+ Kg6 43. Be6 Ba4 44. Bf5+ Kf7 45. Kf1 Bd6 46. Be6+ Kg6 47. Bb3 Bd7 48. Ke2 Be5 49. Kd3 f5 50. a4 Bd6 51. b5 Bc7 52. Be6 Bxe6 53. Nxe6 Bb6 54. f3 Kf6 55. Nd4 Ke5 56. Nc6+ Kd5 57. a5 Bg1 58. a6 Kd6 59. a7 Bxa7 60. Nxa7 Kc5 61. Nc6 Kxb5 62. Ne7 Kc5 63. Nxf5 Kd5 64. g4 Ke5 65. Ke3 h4 66. h3 Kd5 67. f4 gxf4+ 68. Kxf4 1-0

[Event "45th FIDE Womens Olympiad 2024"]
[Site "Budapest"]
[Date "2024.09.16"]
[Round "6.249"]
[White "Wilson, Hannah"]
[Black "Al Aisaee, Anat"]
[Result "1-0"]
[ECO "D20"]
[WhiteElo "1888"]
[BlackElo "1608"]
[PlyCount "69"]
[EventDate "2024.09.05"]
[EventType "team-tourn"]
[EventCountry "HUN"]
[WhiteTeam "Barbados"]
[BlackTeam "Oman"]
[WhiteTeamCountry "BAR"]
[BlackTeamCountry "OMN"]
[TimeControl "40/5400+30:1800+30"]

1. d4 d5 2. c4 dxc4 3. e3 e5 4. Bxc4 exd4 5. exd4 Bd6 6. Nf3 Nf6 7. O-O O-O 8. Bg5 Bg4 9. Qb3 Nc6 10. Nbd2 Na5 11. Qd3 Nxc4 12. Nxc4 Re8 13. Rfe1 Be7 14. Nfe5 Be6 15. Rad1 Nd5 16. Bxe7 Qxe7 17. Ne3 Nf4 18. Qe4 Qg5 19. Kh1 f6 20. Nf3 Qh6 21. Qxb7 Rab8 22. Qxc7 Rxb2 23. Nf5 Qg6 24. Qxf4 Rxf2 25. N5h4 Qf7 26. d5 Bxd5 27. Rxe8+ Qxe8 28. Qd4 Bxf3 29. Nxf3 Qe2 30. Qd5+ Kf8 31. Qa8+ Kf7 32. Qxa7+ Kg6 33. Re1 Qb2 34. a4 Rxg2 35. Nh4+ 1-0

[Event "45th FIDE Womens Olympiad 2024"]
[Site "Budapest"]
[Date "2024.09.16"]
[Round "6.250"]
[White "Al Balushi, Mariya"]
[Black "Blackman, Katrina"]
[Result "0-1"]
[ECO "C01"]
[WhiteElo "1561"]
[BlackElo "1814"]
[PlyCount "68"]
[EventDate "2024.09.05"]
[EventType "team-tourn"]
[EventCountry "HUN"]
[WhiteTeam "Oman"]
[BlackTeam "Barbados"]
[WhiteTeamCountry "OMN"]
[BlackTeamCountry "BAR"]
[TimeControl "40/5400+30:1800+30"]

1. e4 e6 2. d4 d5 3. exd5 exd5 4. Nf3 Bd6 5. Nc3 c6 6. Bd3 Nf6 7. Bg5 Be6 8. Ne5 Nbd7 9. Qe2 Qc7 10. f4 Bxe5 11. dxe5 Bg4 12. exf6+ Bxe2 13. fxg7 Rg8 14. Nxe2 Rxg7 15. O-O-O f6 16. Bh4 O-O-O 17. Nd4 Qxf4+ 18. Rd2 Qxd4 19. Bf2 Qf4 20. g3 Qc7 21. Re1 b5 22. Bf5 Kb7 23. Re3 Nb6 24. b3 Re7 25. Rc3 Qe5 26. Bd4 Qxf5 27. Rf2 Qg5+ 28. Kb2 Nd7 29. b4 Re1 30. Rf4 Rde8 31. Rcf3 Ne5 32. h4 Nc4+ 33. Kc3 Qh6 34. Bxf6 R1e3+ {0-} 0-1

[Event "45th FIDE Womens Olympiad 2024"]
[Site "Budapest"]
[Date "2024.09.16"]
[Round "6.251"]
[White "Reifer-Belle, Chanon"]
[Black "Al Nadabi, Yomna"]
[Result "1-0"]
[ECO "B11"]
[WhiteElo "1736"]
[BlackElo "1612"]
[PlyCount "72"]
[EventDate "2024.09.05"]
[EventType "team-tourn"]
[EventCountry "HUN"]
[WhiteTeam "Barbados"]
[BlackTeam "Oman"]
[WhiteTeamCountry "BAR"]
[BlackTeamCountry "OMN"]
[TimeControl "40/5400+30:1800+30"]

1. e4 c6 2. Nc3 d5 3. Nf3 Bg4 4. h3 Bxf3 5. Qxf3 e6 6. d3 Nf6 7. Bd2 Nbd7 8. g4 Qb6 9. O-O-O d4 10. Ne2 Qa6 11. Kb1 Qb6 12. g5 Ba3 13. Bc1 Ne5 14. Qg3 Nfd7 15. f4 Ng6 16. Bg2 O-O-O 17. Ka1 Bd6 18. Qf2 Bc5 19. h4 f5 20. gxf6 Nxf6 21. Bh3 Rhe8 22. f5 Nf8 23. fxe6 Re7 24. Bg5 Nxe6 25. e5 Nd5 26. Bxe7 Nxe7 27. Bxe6+ Kb8 28. Qg3 g6 29. Rdf1 Nd5 30. Bxd5 cxd5 31. Rf7 Rc8 32. Nf4 Ka8 33. Nxd5 Qc6 34. Qf3 Bb6 35. Nxb6+ Qxb6 36. Rf8 Kb8 1-0

[Event "45th FIDE Womens Olympiad 2024"]
[Site "Budapest"]
[Date "2024.09.16"]
[Round "6.252"]
[White "Al Ghafri, Alanoud"]
[Black "Eversley, Kiarra"]
[Result "0-1"]
[ECO "B23"]
[WhiteElo "1546"]
[BlackElo "1615"]
[PlyCount "56"]
[EventDate "2024.09.05"]
[EventType "team-tourn"]
[EventCountry "HUN"]
[WhiteTeam "Oman"]
[BlackTeam "Barbados"]
[WhiteTeamCountry "OMN"]
[BlackTeamCountry "BAR"]
[TimeControl "40/5400+30:1800+30"]

1. e4 c5 2. Nc3 d6 3. f4 Nc6 4. Nf3 e6 5. a3 a6 6. Bc4 b5 7. Ba2 b4 8. axb4 cxb4 9. Ne2 Nf6 10. d3 Qb6 11. Bd2 Ng4 12. d4 Be7 13. c3 Rb8 14. cxb4 Nxb4 15. Bc3 Ne3 16. Qa4+ Bd7 17. Qxb4 Nc2+ 18. Kd2 Nxb4 19. Bc4 a5 20. Ng3 Bb5 21. Bb3 O-O 22. f5 d5 23. fxe6 fxe6 24. h4 Bd6 25. e5 Be7 26. h5 h6 27. Rhf1 Bxf1 28. Nxf1 Qb5 {0-} 0-1